 Dungeon Crawl Stone Soup version 0.19.1-1-g22dce08 (webtiles) character file.

95 kae the Ruffian (level 4, -1/38 HPs)
             Began as a Draconian Transmuter on Jan 18, 2017.
             Slain by a gnoll (8 damage)
             ... on level 2 of the Dungeon.
             The game lasted 00:02:03 (1918 turns).

kae the Ruffian (Draconian Transmuter)              Turns: 1918, Time: 00:02:03

Health: -1/38      AC:  5    Str: 13    XL:     4   Next: 39%
Magic:  6/7        EV: 12    Int: 13    God:
Gold:   207        SH:  0    Dex: 12    Spells: 1 memorised, 6 levels left

rFire  . . .     SeeInvis .       - Unarmed
rCold  . . .     Gourm    .     (armour unavailable)
rNeg   . . .     Faith    .     (no shield)
rPois  .         Spirit   .     (helmet restricted)
rElec  .         Reflect  .     (no cloak)
rCorr  .         Harm     .     (no gloves)
MR     .....                    (boots currently unavailable)
Stlth  +.........               (no amulet)
                                (no ring)
                                (no ring)

@: appendage, very slightly contaminated, hasted, very quick
A: unfitting armour, talons 3, cold-blooded, AC +5
a: End Transformation


You were on level 2 of the Dungeon.
You were not hungry.
You had grown temporary talons.
You visited 1 branch of the dungeon, and saw 3 of its levels.

You collected 207 gold pieces.

Inventory:

Missiles
 a - 41 arrows
Scrolls
 e - 5 scrolls of magic mapping
 i - 3 scrolls of remove curse
Potions
 h - a potion of degeneration
 m - a potion of cancellation {unknown}
Books
 b - a book of Changes

   Spells                             Type                      Level
   a - Beastly Appendage              Transmutation                1
   b - Sticks to Snakes               Transmutation                2
   c - Spider Form                    Transmutation/Poison         3
   d - Ice Form                       Ice/Transmutation            4
   e - Blade Hands                    Transmutation                5
Comestibles
 c - 5 bread rations
 d - 5 fruits
 j - a meat ration
 l - a beef jerky


   Skills:
 + Level 3.0 Fighting
 - Level 1.7 Dodging
 * Level 4.4 Unarmed Combat
 - Level 2.0 Spellcasting
 - Level 2.0 Transmutations


You had 6 spell levels left.
You knew the following spells:

 Your Spells              Type           Power        Failure   Level  Hunger
a - Beastly Appendage     Tmut           #.....       12%         1    ##.....


Dungeon Overview and Level Annotations

Branches:
Dungeon (3/15)

Altars:
Cheibriados


Innate Abilities, Weirdness & Mutations

Your plain brown scales are hard. (AC +5)
You cannot fit into any form of body armour.
You are cold-blooded and may be slowed by cold attacks.
You have claws for feet.


Message History

The gnoll closely misses you. x2
You hit the gnoll but do no damage.
The gnoll is severely wounded.
The gnoll hits you.
You hit the gnoll but do no damage.
The gnoll is severely wounded.
The gnoll barely misses you. The gnoll hits you.
You closely miss the gnoll.
The gnoll is severely wounded.
The gnoll hits you but does no damage. The gnoll barely misses you.
You feel yourself speed up. The gnoll hits you!
* * * LOW HITPOINT WARNING * * *
The gnoll closely misses you.
You are very lightly contaminated with residual magic.
You barely miss the gnoll. Your kick misses the gnoll.
The gnoll is severely wounded.
You barely miss the gnoll.
The gnoll is severely wounded.
The gnoll hits you!
You die...

###########
#........(#
#.........#
#..........
########..........
#@g....'..........
#####g######..........
#.....# ######.##..
#.###.# #.##.. #.# #.#
#.##.. #.# #.# #.##..
#.# #.# #..### #.#
#.############.### #.#
#.................


You could see 2 gnolls.

Vanquished Creatures
  Terence (D:2)
  2 adders (D:2)
  An ooze (D:2)
  A worm (D:2)
  3 dart slugs
  3 giant cockroaches
  5 goblins
  9 hobgoblins
  2 kobolds
  3 bats (D:1)
  3 frilled lizards (D:1)
  4 rats
37 creatures vanquished.

Notes
Turn   | Place    | Note
-------+----------+-------------------------------------------
     0 | D:1      | kae the Draconian Transmuter began the quest for the Orb.
     0 | D:1      | Reached XP level 1. HP: 16/16 MP: 3/3
     1 | D:1      | Found a snail-covered altar of Cheibriados.
    57 | D:1      | Reached XP level 2. HP: 24/24 MP: 5/5
   833 | D:2      | Reached XP level 3. HP: 30/30 MP: 6/6
  1314 | D:2      | Noticed Terence
  1356 | D:2      | Killed Terence
  1356 | D:2      | Reached skill level 4 in Unarmed Combat
  1356 | D:2      | Reached XP level 4. HP: 32/37 MP: 7/7
  1918 | D:2      | Slain by a gnoll

Skill      XL: |  1  2  3  4 |
---------------+-------------+-----
Fighting       | 2 3 |  3.0
Unarmed Combat | 4 |  4.4
Dodging        | |  1.7
Spellcasting   | |  2.0
Transmutations | |  2.0

Action                   |  1- 3 |  4- 6 || total
-------------------------+-------+-------++-------
Melee: Unarmed           |   161 |    34 ||   195
       Tailslap          |    12 |     4 ||    16
       Punch             |     5 |       ||     5
       Headbutt          |     5 |     1 ||     6
       Kick              |     6 |       ||     6
 Cast: Beastly Appendage |     6 |     3 ||     9
  Use: Scroll            |     6 |     1 ||     7
       Potion            |     3 |     1 ||     4
  Eat: Chunk             |     1 |     3 ||     4
Armor: Skin              |    52 |     6 ||    58
Dodge: Dodged            |    78 |    21 ||    99
